 Dungeon Crawl Stone Soup version 0.27.1 (webtiles) character file.

Game seed: 7400680131641141100

344 DearestLeader the Chopper (level 6, -6/48 (52) HPs)
             Began as a Minotaur Berserker on Sept 1, 2021.
             Was a Priest of Trog.
             Mangled by a wight (10 damage)
             ... on level 4 of the Dungeon.
             The game lasted 00:06:44 (3105 turns).

DearestLeader the Chopper (Minotaur Berserker)      Turns: 3105, Time: 00:06:45

HP:   -6/48 (52)    AC:  7    Str: 29    XL:     6   Next: 31%
MP:   5/5           EV: 11    Int:  4    God:    Trog [***...]
Gold: 160           SH:  5    Dex: 10    Spells: 5/5 levels left

rFire    . . .     SeeInvis .   q - +0 war axe
rCold    . . .     Faith    .   (no shield)
rNeg     . . .     Spirit   .   n - +0 scale mail
rPois    .         Reflect  +   (helmet restricted)
rElec    .         Harm     .   k - +0 cloak
rCorr    .         Rampage  .   (no gloves)
Will     .....                  (no boots)
Stlth    ..........             l - amulet of reflection
HPRegen  0.16/turn              f - +6 ring of strength
MPRegen  0.09/turn              (no ring)

@: drained
A: horns 2, retaliatory headbutt
a: Renounce Religion, Berserk, Trog's Hand


You were on level 4 of the Dungeon.
You worshipped Trog.
Trog was most pleased with you.
You visited 1 branch of the dungeon, and saw 4 of its levels.

You collected 160 gold pieces.

Inventory:

Hand Weapons
 q - a +0 war axe (weapon)
 r - the +8 hunting sling of Disembowelment {freeze, Int+4 SInv}
   (You found it on level 4 of the Dungeon)

   Any ammunition fired from it freezes those it strikes, dealing additional
   cold damage.
   It can also slow down cold-blooded creatures.
   Int:       It affects your intelligence (+4).
   SInv:      It lets you see invisible.
Missiles
 s - 17 sling bullets
Armour
 k - a +0 cloak (worn)
 n - a +0 scale mail (worn)
Jewellery
 e - a ring of ice
 f - a +6 ring of strength (left hand)
 l - an amulet of reflection (around neck)
Scrolls
 b - a scroll of blinking {unknown}
 c - 5 scrolls of identify {unknown}
 d - a scroll of teleportation {unknown}
 h - a scroll of fear {unknown}
 j - a scroll of immolation {unknown}
 m - 2 scrolls of noise {unknown}
 o - 2 scrolls of vulnerability {unknown}
 t - a scroll of fog {unknown}
 v - a scroll of enchant armour {unknown}
Potions
 a - 3 potions of might {unknown}
 g - a potion of heal wounds {unknown}
 i - a potion of brilliance {unknown}
 p - a potion of ambrosia {unknown}
 u - a potion of degeneration {unknown}


   Skills:
 - Level 4.0 Fighting
 + Level 7.9 Axes
 * Level 0.3 Slings
 + Level 3.0 Armour
 - Level 3.0 Dodging


You had 5 spell levels left.
You didn't know any spells.
Your spell library was empty.

Dungeon Overview and Level Annotations

Branches:
Dungeon (4/15)
 Temple: D:4-7

Altars:


Innate Abilities, Weirdness & Mutations

You have a pair of horns on your head.
You reflexively headbutt those who attack you in melee.


Message History

You destroy the adder skeleton!
Trog accepts your kill.
No target in view!
Found a trident.
You now have 160 gold pieces (gained 21).
Things that are here:
a +0 scale mail; a +0 club No target in view!
You see here a +3 flail.
Things that are here:
a +0 leather armour; a +0 club
Found a curved iron wand. 2 wights come into view.
A wight is wielding a +1 spear of freezing.
There are monsters nearby!
A wight comes into view. It is wielding a +4 halberd.
You block the wight's attack.
You see here a wand of acid (8). 2 wights come into view.
You block the wight's attack. The wight hits you with a +4 halberd.
You feel drained. The wight closely misses you.
You hit the wight but do no damage. You headbutt the wight!
The wight is heavily damaged.
You hit the wight. The wight barely misses you.
The wight hits you with a +4 halberd. You block the wight's attack.
You completely miss the wight. Your headbutt misses the wight.
The wight is heavily damaged.
You barely miss the wight.
The wight hits you from afar with a +1 spear of freezing.
The wight freezes you. The wight hits you with a +4 halberd!
You feel drained. You block the wight's attack.
You are too injured to fight recklessly!
You are too injured to fight recklessly!
The wight hits you from afar with a +4 halberd.
* * * LOW HITPOINT WARNING * * *
The wight hits you from afar with a +3 halberd!
* * * LOW HITPOINT WARNING * * *
The wight closely misses you.
The wight hits you from afar with a +3 halberd!
You die...

#### #..
###########.#
###.........#.####
....#######......#
# ..###
###.##.##.# #.#
#.......# #.#
####@#### #.#
#z..# #.# #z###
#.######## #z
..##.....# #z
).##.....# #z
#........# #.
#.##.....# #.
#.##.....# #.


You could see 3 wights.

Vanquished Creatures
  Sigmund (D:2)
  A bullfrog skeleton (D:3)
  Terence (D:2)
  An orc wizard (D:3)
  A white imp (D:3)
  An ufetubus (D:3)
  An adder skeleton (D:4)
  6 worms
  2 dart slugs
  13 orcs
  5 ball pythons
  3 bats
  6 endoplasms
  3 giant cockroaches
  7 goblins
  5 hobgoblins
  4 jackals (D:4)
  3 frilled lizards
  4 kobolds
  5 rats
73 creatures vanquished.

Notes
Turn   | Place    | Note
-------+----------+-------------------------------------------
     0 | D:1      | DearestLeader the Minotaur Berserker began the quest for
                  | the Orb.
     0 | D:1      | Reached XP level 1. HP: 19/19 MP: 0/0
   188 | D:1      | Reached skill level 4 in Axes
   188 | D:1      | Reached XP level 2. HP: 26/26 MP: 1/1
   795 | D:2      | Noticed Terence
   803 | D:2      | Killed Terence
   804 | D:2      | Reached XP level 3. HP: 33/33 MP: 2/2
   912 | D:2      | Noticed Sigmund
   930 | D:2      | Killed Sigmund
   930 | D:2      | Reached ** piety under Trog
   931 | D:2      | Reached skill level 6 in Axes
   931 | D:2      | Reached XP level 4. HP: 16/40 MP: 3/3
   931 | D:2      | Reached XP level 5. HP: 19/46 MP: 4/4
  1552 | D:2      | Reached skill level 7 in Axes
  1643 | D:2      | Found a faded altar of an unknown god.
  2032 | D:3      | Reached XP level 6. HP: 38/52 MP: 5/5
  2573 | D:4      | Identified the +8 hunting sling of Disembowelment {freeze,
                  | Int+4 SInv}
  2600 | D:4      | Reached *** piety under Trog
  3105 | D:4      | Mangled by a wight

Illustrated notes

Levels and vault maps discovered:
D:1:      lemuel_arrival_behind_the_door_small, layout_basic,
          minmay_misc_feat_pillars, minmay_misc_feat_iff
D:2:      layout_loops_ring, shapermc_ecumenical_altar_mp_vishouse,
          uniq_sigmund, uniq_terence
D:3:      layout_basic, minmay_ruptured
D:4:      layout_loops_cross, nemelex_dance_club_becter

Skill      XL: |  1  2  3  4  5 |
---------------+----------------+-----
Axes           | 4 6 7 |  7.9
Armour         | 3 |  3.0
Fighting       | 4 |  4.0
Dodging        | 3 |  3.0
Slings         | |  0.3

Action                   |  1- 3 |  4- 6 || total
-------------------------+-------+-------++-------
Melee: Hand axe          |    53 |    28 ||    81
       Headbutt          |    13 |    24 ||    37
       War axe           |       |    64 ||    64
Invok: Berserk           |     2 |       ||     2
  Use: Potion            |     1 |       ||     1
Armor: Scale mail        |    17 |    26 ||    43
       Ring mail         |     2 |       ||     2
       Animal skin       |     2 |       ||     2
Dodge: Dodged            |    26 |    48 ||    74
Block: Other             |       |    11 ||    11
